 Dungeon Crawl Stone Soup version 0.28-a0-1447-ga5a8893891 (webtiles) character file.

Game seed: 7535642844631012237

1490 rocketpapaya the Frost Mage (level 8, -3/52 HPs)
             Began as a Merfolk Ice Elementalist on Jan 10, 2022.
             Was an Initiate of Hepliaklqana.
             Slain by Maggie (4 damage)
             ... on level 6 of the Dungeon on Jan 11, 2022.
             The game lasted 00:15:34 (5179 turns).

rocketpapaya the Frost Mage (MfIE)                  Turns: 5179, Time: 00:15:35

Health: -3/52      AC:  5    Str: 14    XL:     8   Next: 80%
Magic:  6/11       EV: 15    Int: 22    God:    Hepliaklqana [......]
Gold:   297        SH:  0    Dex: 15    Spells: 0/11 levels left

rFire   . . .      SeeInvis .   x - +8 spear "Hellblazer" {vamp, Will+ Str+6}
rCold   . . .      Faith    .   (no shield)
rNeg    . . .      Spirit   .   a - +0 robe
rPois   .          Reflect  .   (no helmet)
rElec   .          Harm     .   (no cloak)
rCorr   .          Rampage  .   m - +2 pair of gloves
Will    +....                   (boots currently unavailable)
Stlth   +++.......              (no amulet)
HPRegen 0.17/turn               f - +6 ring of intelligence
MPRegen 0.12/turn               h - ring of wizardry

@: freezing walls, very quick
A: nimble swimmer 2, mertail
a: Renounce Religion


You were on level 6 of the Dungeon.
You worshipped Hepliaklqana.
Hepliaklqana was noncommittal.
You visited 2 branches of the dungeon, and saw 7 of its levels.

You collected 297 gold pieces.

Inventory:

Hand Weapons
 c - a +2 vorpal glaive
 x - the +8 spear "Hellblazer" (weapon) {vamp, Will+ Str+6}
   (You found it on level 5 of the Dungeon)

   It occasionally heals its wielder for a portion of the damage dealt when it
   wounds a living foe.
   Str:       It affects your strength (+6).
   Will:      It increases your willpower.
Armour
 a - a +0 robe (worn)
 m - a +2 pair of gloves (worn)
 y - a +2 leather armour of poison resistance
Jewellery
 e - a ring of wizardry
 f - a +6 ring of intelligence (left hand)
 h - a ring of wizardry (right hand)
 o - a ring of protection from fire
Wands
 z - a wand of digging (4)
Scrolls
 b - 4 scrolls of identify {unknown}
 v - a scroll of vulnerability {unknown}
 w - a scroll of enchant armour {unknown}
Potions
 g - 2 potions of resistance {unknown}
 i - a potion of cancellation {unknown}
 j - a potion of heal wounds {unknown}
 k - 2 potions of ambrosia {unknown}
 n - a potion of magic {unknown}
 p - 2 potions of brilliance {unknown}
 r - a potion of berserk rage {unknown}


   Skills:
 * Level 8.5 Polearms
 - Level 2.6 Dodging
 - Level 2.1 Stealth
 + Level 2.1 Spellcasting
 - Level 10.5 Ice Magic


You couldn't memorise any spells.
You knew the following spells:

 Your Spells              Type           Power      Damage    Failure   Level
a - Freeze                Ice            100%       1d11      1%          1
b - Frozen Ramparts       Ice            96%        1d11      1%          3
c - Ozocubu's Armour      Ice            48%        N/A       1%          3
d - Hailstorm             Conj/Ice       25%        3d7       6%          4

Your spell library contained the following spells:

 Spells                   Type           Power      Damage    Failure   Level
 Dazzling Flash           Conj/Hex       4%         N/A       16%         3
 Iskenderun's Mystic Bla  Conj/Tloc      2%         2d3       45%         4
 Starburst                Conj/Fire      1%         6d3       100%        6


Dungeon Overview and Level Annotations

Branches:
Dungeon (6/15)             Temple (1/1) D:5

Altars:
Ashenzari
Cheibriados
Dithmenos
Elyvilon
Gozag
Hepliaklqana
Kikubaaqudgha
Makhleb
Nemelex Xobeh
Okawaru
Qazlal
Ru
Sif Muna
Trog
Uskayaw
Vehumet
Wu Jian
Xom
Yredelemnul
Zin
The Shining One

Shops:
D:3 :

Annotations:
D:6 Maggie


Innate Abilities, Weirdness & Mutations

You are very nimble when in or above water. (Stealth+, EV+, Speed+++)
Your lower body shifts to a powerful aquatic tail in water.


Message History

You are too injured to fight recklessly!
Reach: x) +8 spear "Hellblazer" {vamp, Will+ Str+6}
Press: ? - help, Dir - move target, f/p - Maggie
Aim: Maggie, wielding a +0 glaive of flaming and wearing +0 steam dragon scales (heavily wounded, about 28% to evade the +8 spear "Hellblazer")
You reach to attack!
You closely miss Maggie.
Maggie is heavily wounded.
You are engulfed in a cloud of scalding steam.
The wall freezes Maggie.
Maggie hits you but does no damage. The heat melts your icy armour.
Reach: x) +8 spear "Hellblazer" {vamp, Will+ Str+6}
Press: ? - help, Dir - move target, f/p - Maggie
Aim: Maggie, wielding a +0 glaive of flaming and wearing +0 steam dragon scales (severely wounded, about 28% to evade the +8 spear "Hellblazer")
You reach to attack!
You hit Maggie.
Maggie is severely wounded.
You are engulfed in a cloud of scalding steam.
A quokka comes into view.
The heat melts your icy armour.
Reach: x) +8 spear "Hellblazer" {vamp, Will+ Str+6}
Press: ? - help, Dir - move target, f/p - Maggie
Aim: Maggie, wielding a +0 glaive of flaming and wearing +0 steam dragon scales (severely wounded, about 28% to evade the +8 spear "Hellblazer")
You reach to attack!
You hit Maggie.
You feel better.
Maggie is severely wounded.
You are engulfed in a cloud of scalding steam.
* * * LOW HITPOINT WARNING * * *
The wall freezes Maggie.
Maggie closely misses you. The heat melts your icy armour.
You feel better.
You are engulfed in a cloud of scalding steam.
Your icy armour melts away.
* * * LOW HITPOINT WARNING * * *
The wall freezes the quokka.
The wall freezes Maggie!
Maggie closely misses you.
A giant cockroach comes into view.
You feel better.
The wall freezes the quokka.
You kill the quokka!
The wall freezes Maggie.
Maggie hits you from afar with a +0 glaive of flaming!
* * * LOW HITPOINT WARNING * * *
Maggie burns you.
You die...

#### ##..
#.B† #@≈#
#§§# #§@#
#≈§# ###
#.≈# #.#
##≈≈#
#.####
#≈≈.#
#....#
#≈≈.###
##.#
#.≈##.#
#.##
#.##..#
#.#
#.....#
#.######.#


You could see Maggie and a giant cockroach.

Vanquished Creatures
  Grinder (D:5)
  Prince Ribbit (D:5)
  Duvessa (D:5)
  An ice beast (D:5)
  2 ogres
  A black bear (D:4)
  A phantom (D:5)
  A bullfrog (D:4)
  A scorpion (D:4)
  A wyvern skeleton (D:5)
  Dowan (D:5)
  4 hounds
  2 orc priests
  A gnoll shaman (D:4)
  7 gnolls
  2 adders
  2 worms
  3 dart slugs
  7 orcs
  7 ball pythons
  4 bats
  3 endoplasms
  6 giant cockroaches
  8 goblins
  2 hobgoblins
  8 jackals
  7 kobolds
  7 quokkas
  A frilled lizard (D:1)
  2 rats
95 creatures vanquished.

Notes
Turn   | Place    | Note
-------+----------+-------------------------------------------
     0 | D:1      | rocketpapaya the Merfolk Ice Elementalist began the quest
                  | for the Orb.
     0 | D:1      | Reached XP level 1. HP: 13/13 MP: 3/3
   177 | D:1      | Found a faded altar of an unknown god.
   263 | D:1      | Reached XP level 2. HP: 19/19 MP: 5/5
   384 | D:1      | Reached skill level 5 in Ice Magic
  1025 | D:2      | Reached XP level 3. HP: 19/24 MP: 3/6
  1029 | D:2      | Learned a level 3 spell: Frozen Ramparts
  1614 | D:3      | Reached skill level 6 in Ice Magic
  1698 | D:3      | Found Basukkei's Book Boutique.
  1706 | D:3      | Reached XP level 4. HP: 30/30 MP: 2/7
  1710 | D:3      | Learned a level 3 spell: Ozocubu's Armour
  1975 | D:3      | Reached XP level 5. HP: 35/35 MP: 2/8
  2487 | D:3      | Reached skill level 7 in Ice Magic
  2642 | D:4      | Noticed an ogre
  2733 | D:4      | Killed an ogre
  2734 | D:4      | Reached XP level 6. HP: 41/41 MP: 0/9
  2827 | D:4      | Noticed a black bear
  2848 | D:4      | Killed a black bear
  2849 | D:4      | Reached skill level 8 in Ice Magic
  3136 | D:4      | Reached skill level 9 in Ice Magic
  3136 | D:4      | Reached XP level 7. HP: 25/46 MP: 4/10
  3655 | D:5      | Entered Level 5 of the Dungeon
  3735 | D:5      | Identified the +8 spear "Hellblazer" {vamp, Will+ Str+6}
  3762 | D:5      | Noticed Prince Ribbit
  3804 | D:5      | Killed Prince Ribbit
  3936 | D:5      | Reached XP level 8. HP: 45/52 MP: 4/11
  4051 | D:5      | Reached skill level 5 in Polearms
  4159 | D:5      | Noticed Duvessa
  4172 | D:5      | Killed Duvessa
  4173 | D:5      | Reached skill level 10 in Ice Magic
  4222 | D:5      | Learned a level 4 spell: Hailstorm
  4354 | D:5      | Noticed Dowan
  4364 | D:5      | Killed Dowan
  4519 | D:5      | Noticed Grinder
  4531 | D:5      | Killed Grinder
  4815 | D:5      | Found a staircase to the Ecumenical Temple.
  4825 | Temple   | Entered the Ecumenical Temple
  4970 | Temple   | Became a worshipper of Hepliaklqana the Forgotten
  5114 | D:6      | Identified a scroll of acquirement
  5114 | D:6      | Acquired a +1 vorpal glaive
  5161 | D:6      | Noticed Maggie
  5179 | D:6      | HP: 1/52 [Maggie (13)]
  5179 | D:6      | Slain by Maggie

Illustrated notes

Levels and vault maps discovered:
D:1:      heliophobic_arrival_enchanted_forest, layout_basic,
          shapermc_ecumenical_altar_totnotflames, minivault_19
D:2:      layout_rooms
D:3:      layout_loops_cross, serial_shops, nicolae_shop_hallway_plus
D:4:      layout_rooms, chequers_serial_rivers_marsh
D:5:      layout_rooms, temple_hall, uniq_grinder, uniq_prince_ribbit1,
          uniq_duvessa
D:6:      layout_loops_ring, gup_sewer_entry_pipe, lemuel_flame_loot_1,
          uniq_maggie
Temple:   mainiacjoe_temple_archimedes_tessellation

Skill      XL: |  1  2  3  4  5  6  7  8 |
---------------+-------------------------+-----
Ice Magic      | 5 6 7 9 10 | 10.5
Polearms       | 4 8 |  8.5
Dodging        | |  2.6
Stealth        | |  2.1
Spellcasting   | |  2.1

Action                   |  1- 3 |  4- 6 |  7- 9 || total
-------------------------+-------+-------+-------++-------
Melee: Dagger            |    13 |    13 |       ||    26
       Hand axe          |       |       |     9 ||     9
       Spear             |       |       |    48 ||    48
       Punch             |       |       |     2 ||     2
 Cast: Freeze            |    37 |    24 |     6 ||    67
       Frozen Ramparts   |     4 |    13 |    14 ||    31
       Ozocubu's Armour  |       |     2 |     8 ||    10
       Hailstorm         |       |       |     2 ||     2
  Use: Scroll            |       |       |     7 ||     7
       Potion            |       |       |     3 ||     3
 Stab: Sleeping          |     8 |     1 |     4 ||    13
Armor: Robe              |     2 |    13 |    13 ||    28
Dodge: Dodged            |    24 |    29 |    24 ||    77

Table legend: (Time is in decaauts)
 A = Elapsed time spent in this place.
 B = Non-inter-level travel time spent in this place.
 C = Inter-level travel time spent in this place.
 D = Time resting spent in this place.
 E = Time spent auto-exploring this place.
 F = Levels seen in this place.
 G = Mean time per level.
                   A        B        C        D        E       F      G
               +--------+--------+--------+--------+--------+-----+--------+
         Total |   5127 |   4992 |    135 |    752 |   3319 |   7 |  732.4 |
       Dungeon |   4927 |   4806 |    121 |    752 |   3154 |   6 |  821.2 |
        Temple |    200 |    187 |     13 |      0 |    165 |   1 |  200.0 |
               +--------+--------+--------+--------+--------+-----+--------+

Top non-repeatable levels by time:
     D:5: 1227 daAuts
     D:4: 1069 daAuts
     D:1: 1016 daAuts
     D:3: 987 daAuts
     D:2: 579 daAuts
  Temple: 200 daAuts
     D:6: 47 daAuts
